 Dungeon Crawl Stone Soup version 0.19-a0-1626-g5215c36 (webtiles) character file.

21722 Alarkh the Carver (level 12, -6/91 HPs)
             Began as a Mummy Necromancer on Sept 18, 2016.
             Was a High Priest of Okawaru.
             Mangled by a blink frog (12 damage)
             ... on level 4 of the Lair of Beasts.
             The game lasted 00:30:40 (14491 turns).

Alarkh the Carver (Mummy Necromancer)              Turns: 14491, Time: 00:30:41

Health: -6/91      AC: 16    Str: 11    XL:     12   Next: 56%
Magic:  28/31      EV: 11    Int: 19    God:    Okawaru [*****.]
Gold:   710        SH:  0    Dex: 13    Spells: 4 memorised, 13 levels left

rFire  . . .     SeeInvis .     a - +2 great sword (drain)
rCold  + . .     Gourm    .     D - +2 scale mail {rF+}
rNeg   + + +     Faith    .     (shield currently unavailable)
rPois  ∞         Spirit   .     J - +2 hat
rElec  .         Dismiss  .     g - +0 cloak {+Inv}
rCorr  .         Reflect  .     (no gloves)
MR     +....     Harm     .     c - +2 pair of boots
Stlth  ++........               (no amulet)
                                m - ring of stealth
                                C - ring of magical power

@: no status effects
A: no food or potions, fire vulnerability, cold resistance 1, negative energy
resistance 3, torment resistance, unbreathing
a: Heroism, Finesse, Renounce Religion, Evoke Invisibility


You were on level 4 of the Lair of Beasts.
You worshipped Okawaru.
Okawaru was extremely pleased with you.
You were not hungry.

You visited 3 branches of the dungeon, and saw 14 of its levels.
You also visited: Labyrinth.

You collected 882 gold pieces.
You spent 172 gold pieces at shops.

Inventory:

Hand Weapons
 a - a +2 great sword of draining (weapon)
 b - a +0 scimitar
 f - a +0 long sword
 R - a +0 bardiche
 S - a +2 shortbow of freezing
 W - a +0 eveningstar
Missiles
 T - 23 arrows
Armour
 c - a +2 pair of boots (worn)
 g - a +0 cloak of invisibility (worn)
 j - a +2 robe of fire resistance
 l - a +0 robe
 n - a +0 cloak
 u - a +0 robe of resistance
 D - a +2 scale mail of fire resistance (worn)
 J - a +2 hat (worn)
 K - a +0 shield
 M - a +0 plate armour
 N - the +0 helmet of the Teacher {rPois rF+ Dex+3, unknown}
   (You found it in a labyrinth)

   It affects your dexterity (+3).
   It protects you from fire.
   It protects you from poison.
 O - a cursed +0 pair of gloves
 P - a +0 shield
 U - a +0 plate armour
 X - a +2 leather armour of magic resistance
Magical Staves
 v - an uncursed staff of fire
Jewellery
 k - an uncursed ring of protection from magic
 m - a ring of stealth (right hand)
 p - an uncursed ring of resist corrosion
 C - a ring of magical power (left hand)
 F - an uncursed ring of teleportation
 H - an uncursed ring of fire
Scrolls
 d - a scroll of recharging
 e - a scroll of identify
 h - a scroll of amnesia
 i - 4 scrolls of remove curse
 q - 3 scrolls of fear
 r - 2 scrolls of magic mapping
 t - 6 scrolls of blinking {unknown}
 w - 2 scrolls of enchant weapon {unknown}
 z - a scroll of random uselessness {unknown}
 A - a scroll of enchant armour {unknown}
 E - a scroll of holy word {unknown}
 G - a scroll of fog {unknown}
 I - a scroll of vulnerability {unknown}
Books
 o - a book of Conjurations

   Spells                             Type                      Level
   a - Magic Dart                     Conjuration                  1
   b - Searing Ray                    Conjuration                  2
   c - Dazzling Spray                 Conjuration/Hexes            3
   d - Fulminant Prism                Conjuration/Hexes            4
   e - Iskenderun's Mystic Blast      Conjuration                  4
   f - Iskenderun's Battlesphere      Conjuration/Charms           5
 x - a book of Battle

   Spells                             Type                      Level
   a - Infusion                       Charms                       1
   b - Shroud of Golubria             Charms/Translocation         2
   c - Song of Slaying                Charms                       2
   d - Spectral Weapon                Hexes/Charms                 3
   e - Regeneration                   Charms/Necromancy            3
 L - a book of the Earth

   Spells                             Type                      Level
   a - Leda's Liquefaction            Hexes/Earth                  4
   b - Bolt of Magma                  Conjuration/Fire/Earth       5
   c - Statue Form                    Transmutation/Earth          6
   d - Iron Shot                      Conjuration/Earth            6
   e - Shatter                        Earth                        9
 V - the Tome of Boosts
   (You found it in a labyrinth)

   Spells                             Type                      Level
   a - Swiftness                      Charms/Air                   2
   b - Ozocubu's Armour               Charms/Ice                   3
   c - Iskenderun's Battlesphere      Conjuration/Charms           5
   d - Haste                          Charms                       6
Miscellaneous
 s - a lamp of fire
 y - 2 phantom mirrors
 B - a sack of spiders
Comestibles
 Q - 3 fruits


   Skills:
 + Level 7.1 Fighting
 * Level 11.4 Long Blades
 + Level 6.0 Armour
 + Level 6.1 Dodging
 - Level 1.5 Stealth
 - Level 7.0 Spellcasting
 - Level 8.6 Necromancy


You had 13 spell levels left.
You knew the following spells:

 Your Spells              Type           Power        Failure   Level  Hunger
a - Vampiric Draining     Necr           #####.....   6%          3    N/A
c - Control Undead        Necr           #####.....   17%         4    N/A
d - Animate Dead          Necr           N/A          17%         4    N/A
e - Pain                  Necr           ####         1%          1    N/A

Dungeon Overview and Level Annotations

Branches:
Dungeon (9/15)             Temple (1/1) D:4            Lair (4/6) D:9
 Shoals (0/4) Lair:3        Snake (0/4) Lair:3
    Orc: D:9-12

Altars:
Ashenzari
Cheibriados
Dithmenos
Elyvilon
Fedhas
Gozag
Hepliaklqana
Kikubaaqudgha
Makhleb
Nemelex Xobeh
Okawaru
Qazlal
Ru
Sif Muna
Trog
Uskayaw
Vehumet
Xom
Yredelemnul
Zin
The Shining One

Shops:
D:7 **

Annotations:
D:9 1 exclusion


Innate Abilities, Weirdness & Mutations

You do not eat or drink.
Your flesh is vulnerable to fire.
You are immune to poison.
Your flesh is cold resistant. (rC+)
You are immune to negative energy. (rN+++)
You are immune to unholy pain and torment.
You can survive without breathing.


Message History

The blink frog blinks!
Found 29 stones.
A crocodile comes into view.
The blink frog blinks!
Found 20 stones.
The blink frog blinks!
The crocodile bites you!
* * * LOW HITPOINT WARNING * * *
Something hits the plant!
The crocodile bites you!
* * * LOW HITPOINT WARNING * * *
Casting: Vampiric Draining
Confirm with . or Enter, or press ? or * to list all spells.
Aiming: Vampiric Draining
Press: ? - help, Shift-Dir - straight line, f - crocodile
Aim: a crocodile The crocodile is moderately wounded.
You feel life coursing into your body.
Something hits the plant.
The crocodile bites you.
* * * LOW HITPOINT WARNING * * *
The blink frog hits you!
You die...

...#.#####*,*,,,*******##.....'..
..PP....#**,,,,,,,,**∩**#.....##.
#...P...#*,,,*,,,,,*,,,*#.$...##.
#.......#*,,***,,,**,,,*#.....##.
#..##.###.,,**,,,,,,,,*##.....##.
..##.###*...,***,,,,,*##.F....###
...<...#,....#***,,*###........#*
#..............######............
#...............@F...F..§........
#...............t...........(....
#................................
#....P#...#P(....#.####PF....##.P
...P.....##......###*,##F....#*.P
#..####.#.#.....#.,,,,,#.....#*,,
*,,,,,,,,,##....,.,,,,**....##,,,
*,,**,,,,,,PP...,.,,,,**..(.#*,,,
*,,,,,,,,,,,,,,,,*,,,,,,,,,,,**,,


You could see 2 blink frogs and a crocodile.

Vanquished Creatures
  Gastronok (Lair:3)
  A minotaur (Lab)
  Nergalle (Lair:2)
  Pikel (D:8)
  A manticore (Lair:3)
  5 spiny frogs
  Joseph (D:8)
  3 rime drakes
  2 komodo dragons (Lair:1)
  A troll (D:9)
  Prince Ribbit (D:6)
  Grinder (D:6)
  15 blink frogs
  2 hippogriffs
  23 yaks
  A wyvern (Lair:3)
  A steam dragon (D:8)
  A basilisk (Lair:3)
  2 hungry ghosts
  2 nagas (Lair:3)
  2 soldier ants (D:8)
  5 water moccasins
  8 porcupines
  2 black bears
  A sky beast (D:9)
  2 ice beasts
  3 slaves
  7 orc warriors
  A wasp (D:8)
  A phantom (D:8)
  2 ogres
  7 centaurs
  2 crocodiles (Lair:3)
  12 bullfrogs
  A wyvern zombie (D:8)
  8 killer bees
  4 wights (D:8)
  4 electric eels
  3 crimson imps
  5 howler monkeys
  2 hounds (D:8)
  A bullfrog skeleton (D:5)
  7 orc priests
  A centaur skeleton (D:5)
  Crazy Yiuf (D:3)
  11 orc wizards
  Jessica (D:2)
  6 iguanas
  7 worker ants
  8 gnolls
  8 adders
  42 river rats
  An ooze (D:1)
  An adder skeleton (D:7)
  A worm (D:8)
  3 dart slugs
  5 leopard geckos
  23 orcs
  A ball python (D:5)
  6 bats
  7 giant cockroaches
  3 goblins (D:2)
  3 hobgoblins (D:1)
  7 jackals
  3 quokkas
  5 frilled lizards
  2 jackal skeletons (D:4)
  2 kobolds (D:3)
  A leopard gecko skeleton (D:8)
  5 rats
  A fungus (D:3)
  5 plants (Lair:3)
326 creatures vanquished.

Vanquished Creatures (collateral kills)
  An orc wizard (D:6)
  An orc (D:6)
2 creatures vanquished.

Vanquished Creatures (others)
  A wight (D:8)
  2 orcs (D:8)
  A quokka (D:8)
  4 fungi (Lair:3)
  2 plants
10 creatures vanquished.

Grand Total: 338 creatures vanquished

Notes
Turn   | Place    | Note
-------+----------+-------------------------------------------
     0 | D:1      | Alarkh the Mummy Necromancer began the quest for the Orb.
     0 | D:1      | Reached XP level 1. HP: 13/13 MP: 3/3
    83 | D:1      | Reached XP level 2. HP: 9/19 MP: 0/5
   472 | D:1      | Reached XP level 3. HP: 20/24 MP: 2/6
   585 | D:2      | Noticed Jessica
   590 | D:2      | Killed Jessica
   694 | D:2      | Reached XP level 4. HP: 30/30 MP: 5/8
   712 | D:2      | You fall through a shaft!
   737 | D:3      | Reached skill level 5 in Necromancy
  1327 | D:2      | Learned a level 3 spell: Vampiric Draining
  1332 | D:2      | Learned a level 4 spell: Control Undead
  1355 | D:2      | Reached XP level 5. HP: 32/35 MP: 3/10
  1681 | D:4      | Found a staircase to the Ecumenical Temple.
  1740 | Temple   | Entered the Ecumenical Temple
  2012 | D:4      | Found a shattered altar of Ashenzari.
  2106 | D:4      | Reached skill level 1 in Long Blades
  2377 | D:3      | Found a runed door.
  2382 | D:3      | Noticed Crazy Yiuf
  2388 | D:3      | Killed Crazy Yiuf
  2419 | D:3      | Reached XP level 6. HP: 41/41 MP: 4/11
  2686 | D:4      | Found a snail-covered altar of Cheibriados.
  2686 | D:4      | Found an iron altar of Okawaru.
  2812 | D:4      | Became a worshipper of Warmaster Okawaru
  3051 | D:5      | Entered Level 5 of the Dungeon
  3089 | D:5      | Reached skill level 2 in Long Blades
  3172 | D:5      | Noticed an orc warrior
  3247 | D:5      | Killed an orc warrior
  3247 | D:5      | Reached XP level 7. HP: 46/46 MP: 6/13
  3289 | D:5      | Reached * piety under Okawaru
  3289 | D:5      | Reached skill level 3 in Long Blades
  3649 | D:5      | Found a stormy altar of Qazlal.
  3844 | D:6      | Reached skill level 4 in Long Blades
  3865 | D:6      | Noticed Prince Ribbit
  3874 | D:6      | Noticed Grinder
  3884 | D:6      | Learned a level 4 spell: Animate Dead
  3893 | D:6      | Killed Prince Ribbit
  3893 | D:6      | Reached skill level 5 in Spellcasting
  3893 | D:6      | Reached XP level 8. HP: 25/52 MP: 0/15
  4037 | D:6      | Killed Grinder
  4037 | D:6      | Reached ** piety under Okawaru
  4127 | D:6      | Reached skill level 5 in Long Blades
  4597 | D:7      | Found Zin's Purification Station.
  4597 | D:7      | Found a glowing silver altar of Zin.
  4613 | D:7      | Found Yronlet's General Store.
  4731 | D:7      | Noticed a hippogriff
  4741 | D:7      | Killed a hippogriff
  4741 | D:7      | Reached skill level 6 in Long Blades
  4761 | D:7      | Reached XP level 9. HP: 31/57 MP: 5/17
  4955 | D:7      | Reached *** piety under Okawaru
  5976 | D:7      | Reached skill level 7 in Long Blades
  6340 | D:8      | Noticed Joseph
  6702 | D:8      | Noticed Pikel
  6883 | D:7      | Bought a +0 cloak of invisibility for 172 gold pieces
  7070 | D:8      | Killed Joseph
  7070 | D:8      | Reached **** piety under Okawaru
  7070 | D:8      | Reached skill level 1 in Fighting
  7292 | D:8      | Reached XP level 10. HP: 44/66 MP: 13/20
  7391 | D:8      | Killed Pikel
  7391 | D:8      | Received a gift from Okawaru
  7391 | D:8      | Reached skill level 8 in Long Blades
  7391 | D:8      | Reached skill level 1 in Armour
  8599 | D:8      | Reached ***** piety under Okawaru
  8732 | D:9      | HP: 1/70 [troll (6)]
  9257 | D:9      | Found a white marble altar of Elyvilon.
  9294 | D:9      | Found an opulent altar of Gozag.
  9385 | D:9      | Found a staircase to the Lair.
  9395 | D:9      | Reached skill level 9 in Long Blades
  9444 | D:9      | Noticed a spiny frog
  9456 | D:9      | Killed a spiny frog
  9456 | D:9      | Received a gift from Okawaru
  9808 | Lair:1   | Entered Level 1 of the Lair of Beasts
  9866 | Lair:1   | Reached XP level 11. HP: 36/77 MP: 1/21
 11040 | Lair:2   | Reached skill level 5 in Fighting
 11131 | Lair:2   | Received a gift from Okawaru
 11240 | Lair:2   | Reached skill level 10 in Long Blades
 11540 | Lair:2   | Noticed Nergalle
 11568 | Lair:2   | Noticed a spectral orc warlord
 11568 | Lair:2   | Killed Nergalle
 11568 | Lair:2   | Reached skill level 5 in Dodging
 11671 | Lair:2   | Received a gift from Okawaru
 11695 | Lair:2   | Got a shimmering leather armour
 11706 | Lair:2   | Identified the +2 leather armour "Repinad" {rC+} (You found it on level 2 of the Lair of Beasts)
 12248 | Lair:3   | Reached skill level 5 in Armour
 12366 | Lair:3   | Reached XP level 12. HP: 63/88 MP: 22/22
 12426 | Lair:3   | Found a staircase to the Snake Pit.
 12444 | Lair:3   | Noticed Gastronok
 13083 | Lair:3   | Killed Gastronok
 13083 | Lair:3   | Reached skill level 11 in Long Blades
 13222 | Lair:3   | Found a staircase to the Shoals.
 13997 | Lair:4   | Found a labyrinth entrance.
 14006 | Lab      | Entered a labyrinth
 14416 | Lab      | Noticed a minotaur
 14435 | Lab      | Killed a minotaur
 14438 | Lab      | Got a scorched helmet
 14446 | Lab      | Identified the Tome of Boosts
 14491 | Lair:4   | Mangled by a blink frog

Vault maps used:
D:1:      minmay_arrival_radiant_lines, hangedman_decor_clover_reticule
D:2:      hex_large, minivault_26, uniq_jessica
D:3:      uniq_crazy_yiuf_cottage
D:4:      cheibrodos_ashenzari_chains, gammafunk_temple_overflow_elements,
          first_bread, minmay_lizard_king
D:5:      kennysheep_mini_moat, minmay_misc_feat_encased
D:6:      minmay_crossroads, uniq_prince_ribbit1, uniq_grinder
D:7:      zin_purify, serial_shops, shop, kennysheep_cross_room
D:8:      serial_curves, eino_curves_03, eino_curves_01, kennysheep_donut,
          hangedman_pestilent_swarm, uniq_pikel, uniq_joseph
D:9:      lemuel_flame_loot_2, dpeg_lair_monsters, basic_altar, elyvilon_altar_1
Temple:   lightli_temple_of_artemis
Lair:1:   beast_lair_carwin_2, serial_bayou_shore_a
Lair:2:   uniq_nergalle
Lair:3:   minmay_shoals_entry_beasts, guppyfry_snake_entry_island,
          wad_woods_road_06, minmay_stone_trees_small, uniq_gastronok
Lair:4:   nicolae_volcano_entry_s_turn, lab_entry_generic, lemuel_fruit_tree,
          lemuel_fruit_fields
Lab:      nicolae_lab_dead_adventurers, labyrinth_skeletal_remains

Skill      XL: |  1  2  3  4  5  6  7  8  9 10 11 12 |
---------------+-------------------------------------+-----
Spellcasting   | 3 4 5 7 |  7.0
Necromancy     | 5 6 7 8 |  8.6
Long Blades    | 1 2 4 6 7 9 10 11 | 11.4
Fighting       | 1 4 6 7 |  7.1
Dodging        | 2 3 5 6 |  6.1
Armour         | 3 5 6 |  6.0
Stealth        | |  1.5

Action                   |  1- 3 |  4- 6 |  7- 9 | 10-12 || total
-------------------------+-------+-------+-------+-------++-------
Melee: Unarmed           |    10 |       |       |       ||    10
       Dagger            |    39 |     1 |       |       ||    40
       Trident           |       |     4 |       |       ||     4
       Falchion          |       |    81 |       |       ||    81
       Long sword        |       |       |   273 |       ||   273
       Scimitar          |       |       |    89 |   259 ||   348
       Punch             |       |       |     1 |       ||     1
       Great sword       |       |       |       |   544 ||   544
 Cast: Pain              |    38 |   120 |   133 |    13 ||   304
       Vampiric Draining |       |       |    69 |   160 ||   229
       Animate Dead      |       |       |     2 |       ||     2
       Control Undead    |       |       |     1 |       ||     1
Invok: Heroism           |       |       |     1 |     6 ||     7
       Finesse           |       |       |       |     1 ||     1
  Use: Scroll            |     1 |     3 |     6 |     4 ||    14
 Stab: Sleeping          |     1 |     1 |     4 |     6 ||    12
       Distracted        |       |     1 |       |       ||     1
Armor: Robe              |    28 |    20 |    96 |   104 ||   248
       Scale mail        |       |       |       |   127 ||   127
Dodge: Dodged            |    44 |    51 |   229 |   418 ||   742
